 Dungeon Crawl Stone Soup version 0.28.0-53-g5a82cb258f (webtiles) character file.

Game seed: 8437381491740080595

4 SanguineChosen the Insei (level 1, -1/15 HPs)
             Began as a Merfolk Transmuter on June 27, 2022.
             Slain by a jackal (2 damage)
             ... on level 1 of the Dungeon.
             The game lasted 00:00:56 (56 turns).

SanguineChosen the Insei (Merfolk Transmuter)         Turns: 56, Time: 00:00:56

Health: -1/15      AC:  2    Str: 10    XL:     1   Next: 70%
Magic:  2/3        EV: 12    Int: 12    God:
Gold:   0          SH:  0    Dex: 14    Spells: 3/4 levels left

rFire   . . .      SeeInvis .     - Unarmed
rCold   . . .      Faith    .   (no shield)
rNeg    . . .      Spirit   .   a - +0 robe
rPois   .          Reflect  .   (helmet currently unavailable)
rElec   .          Harm     .   (no cloak)
rCorr   .          Rampage  .   (no gloves)
Will    .....                   (boots currently unavailable)
Stlth   +.........              (no amulet)
HPRegen 0.05/turn               (no ring)
MPRegen 0.08/turn               (no ring)

@: appendages (expiring)
A: horns 2, (nimble swimmer 2), mertail
a: End Transformation


You were on level 1 of the Dungeon.
You had temporarily grown beastly horns.
You visited 1 branch of the dungeon, and saw 1 of its levels.

Inventory:

Armour
 a - a +0 robe (worn)


   Skills:
 + Level 1.1 Fighting
 + Level 2.7 Dodging
 + Level 3.6 Unarmed Combat
 + Level 2.0 Spellcasting
 + Level 2.7 Transmutations


You had 3 spell levels left.
You knew the following spells:

 Your Spells              Type           Power      Damage    Failure   Level
a - Beastly Appendage     Tmut           14%        N/A       9%          1

Your spell library contained the following spells:

 Spells                   Type           Power      Damage    Failure   Level
 Wereblood                Tmut           7%         N/A       14%         2
 Spider Form              Tmut/Pois      4%         N/A       43%         3
 Ice Form                 Ice/Tmut       4%         N/A       83%         4


Dungeon Overview and Level Annotations

Branches:
Dungeon (1/15)

Altars:


Innate Abilities, Weirdness & Mutations

You have temporarily grown beastly horns.
((You are very nimble when in or above water. (Stealth+, EV+, Speed+++)))
Your lower body shifts to a powerful aquatic tail in water.


Message History

Found 18 arrows.
A jackal comes into view.
The jackal moves out of view.
A rat comes into view.
A jackal comes into view.
The ball python bites you. The ball python barely misses you.
The jackal moves out of view.
You closely miss the ball python. The ball python bites you.
The ball python closely misses you.
You barely miss the ball python.
Your horns disappear.
The jackal barks! x2
The ball python bites you but does no damage.
The ball python closely misses you.
You punch the ball python!
You kill the ball python!
You hit the jackal.
You kill the jackal!
The jackal bites you.
Casting: Beastly Appendage (safe; 9% risk of failure)
Press: ? - help, Q - select action Dir - look around, f - activate You grow a pair of large bovine horns.
The jackal barely misses you.
You hit the jackal.
The jackal is almost dead.
The jackal bites you. The jackal closely misses you.
You hit the jackal.
You kill the jackal!
The rat bites you.
* * * LOW HITPOINT WARNING * * *
A bat comes into view.
The rat bites you.
* * * LOW HITPOINT WARNING * * *
The bat moves out of view.
You barely miss the rat. Your headbutt misses the rat.
The jackal closely misses you. The rat closely misses you.
The jackal misses you.
Your transformation is almost over.
The jackal bites you.
You die...

##################
#................#
#.##############.# #.#
#..# #####.###### #..#
####..bh@.....# ######..#
#....†.r..?...###.......#
......###.###..##.......##
##.#.. #.# .##..######
..... ... ##..###### ##.#.
..## #.......## #.# (...
##.......# . .###
######..# #. ###..#..#


You could see a jackal, a bat and a rat.

Vanquished Creatures
  An endoplasm (D:1)
  2 jackals (D:1)
  A ball python (D:1)
4 creatures vanquished.

Notes
Turn   | Place    | Note
-------+----------+-------------------------------------------
     0 | D:1      | SanguineChosen the Merfolk Transmuter began the quest for
                  | the Orb.
     0 | D:1      | Reached XP level 1. HP: 15/15 MP: 3/3
    56 | D:1      | Slain by a jackal

Illustrated notes

Levels and vault maps discovered:
D:1:      minmay_arrival_wavy_path, layout_loops_ring, basic_ecumenical_altar,
          minmay_misc_feat_alley

Action                   || total
-------------------------++-------
Melee: Unarmed           ||     9
 Cast: Beastly Appendage ||     2
Armor: Robe              ||     1
Dodge: Dodged            ||     8
